 Dungeon Crawl Stone Soup version 0.31-a0-854-g362426d53f (webtiles) character file.

Game seed: 8630229843848270237

106 Kurtz the Sneak (level 4, -1/42 HPs)
             Began as a Naga Delver on Oct 8, 2023.
             Slain by Jessica
             ... wielding a +5 club
              (2 damage)
             ... on level 3 of the Dungeon.
             The game lasted 00:02:27 (2556 turns).

Kurtz the Sneak (Naga Delver)                       Turns: 2556, Time: 00:02:27

Health: -1/42      AC:  2    Str: 15    XL:     4   Next: 84%
Magic:  0/4        EV:  9    Int: 10    God:
Gold:   99         SH:  0    Dex: 14    Spells: 3/3 levels left

rFire   . . .        a - +0 hand axe
rCold   . . .        (no shield)
rNeg    . . .        b - +0 leather armour
rPois   +            (no helmet)
rElec   .            (no cloak)
rCorr   .            (no gloves)
SInv    +            (no barding)
Will    .....        n - amulet of guardian spirit
Stlth   +++          (no ring)
HPRegen 0.27/turn    (no ring)
MPRegen 0.09/turn

%: guardian spirit
@: very slow
A: AC +1, large, see invisible, deformed body, poison resistance, slowness 2,
spit poison 1, naga tail 1
a: Spit Poison


You were on level 3 of the Dungeon.
You visited 1 branch of the dungeon, and saw 5 of its levels.

You collected 99 gold pieces.

Inventory:

Hand Weapons
 a - a +0 hand axe (weapon)
Missiles
 l - 2 poisoned darts
Armour
 b - a +0 leather armour (worn)
Jewellery
 n - an amulet of guardian spirit (around neck)
Wands
 g - a wand of digging (3)
Scrolls
 c - a scroll of fog
 d - a scroll of revelation
 m - 2 scrolls of identify {unknown}
 o - a scroll of vulnerability {unknown}
Potions
 f - 3 potions of haste
 h - a potion of attraction {unknown}
 i - 3 potions of curing {unknown}
 j - 2 potions of enlightenment {unknown}
 k - a potion of degeneration {unknown}
 p - 5 potions of mutation {unknown}
 q - a potion of heal wounds {unknown}
 r - a potion of cancellation {unknown}


   Skills:
 - Level 3.0 Fighting
 * Level 4.9 Axes
 - Level 1.5 Dodging
 - Level 7.2 Stealth


You had 3 spell levels left.
You didn't know any spells.
Your spell library contained the following spells:

 Spells                   Type           Power      Damage    Failure   Level
 Apportation              Tloc           0%         N/A       43%         1
 Summon Small Mammal      Summ           0%         N/A       43%         1
 Jinxbite                 Hex            0%         N/A       56%         2
 Poisonous Vapours        Pois/Air       0%         N/A       56%         2
 Call Canine Familiar     Summ           0%         N/A       80%         3
 Mephitic Cloud           Conj/Pois/Air  0%         N/A       80%         3
 Summon Guardian Golem    Hex/Summ       0%         N/A       80%         3
 Alistair's Intoxication  Tmut/Pois      0%         N/A       100%        5
 Freezing Cloud           Conj/Ice/Air   0%         6-21      100%        5


Dungeon Overview and Level Annotations

Branches:
Dungeon (5/15)
 Temple: D:4-7

Altars:

Shops:
D:2 !   D:3 [

Annotations:
D:3 Jessica, Robin


Innate Abilities, Weirdness & Mutations

Your serpentine skin is tough. (AC +1)
You have supernaturally acute eyesight. (SInv)
Armour fits poorly on your strangely shaped body.
Your system is resistant to poisons. (rPois)
You cover ground very slowly.
You can spit poison.
You have a snake-like lower body.


Message History

Jessica casts a spell at you.
You struggle to resist.
Robin hits you with a +0 spear.
You barely miss Robin. You barely miss Jessica. Jessica completely misses you.
Robin hits you with a +0 spear.
Unknown command.
You hit Robin but do no damage. You closely miss Jessica.
Jessica hits you with a +5 club. Robin closely misses you.
Unknown command.
You barely miss Robin. You closely miss Jessica.
Jessica hits you with a +5 club! Robin barely misses you.
Jessica gestures at you while chanting. Pain shoots through your body!
Robin hits you with a +0 spear.
* * * LOW HITPOINT WARNING * * *
You are too injured to fight recklessly!
Unknown command.
You are too injured to fight recklessly!
Unknown command.
You are too injured to fight recklessly!
You barely miss Robin. You hit Jessica but do no damage.
Jessica mumbles some strange words.
Jessica seems to speed up.
Robin says, "Kneel, worm!"
Robin hits you but does no damage.
You are too injured to fight recklessly!
Unknown command.
You are too injured to fight recklessly!
You hit Robin but do no damage. You hit Jessica but do no damage.
Jessica hits you with a +5 club.
* * * LOW HITPOINT WARNING * * *
Robin hits you but does no damage.
You are too injured to fight recklessly!
You are too injured to fight recklessly!
Unknown command.
You are too injured to fight recklessly!
You are too injured to fight recklessly!
You barely miss Robin. You hit Jessica but do no damage.
Jessica hits you with a +5 club.
* * * LOW HITPOINT WARNING * * *
Jessica hits you with a +5 club.
You die...

... #.....####.## #...#
.(... #.##........# #...#
..... #.##....##..# #...#
......#.##.##.#...# #...##
%.....#.###.......# #....#
........#...).....# #....#
......#.).........###....##
..§...'.)..@........'...>##
......#..g@<.....####....##
..... ####...).............
.#'# #...)))..#####..## #
....###........# #....
...g'.'........# ##.##
....###.....§.§# ##.# ..
..#........#####..#
#.###...§........## #.
#...#........#


You could see Robin and Jessica (fast).

Vanquished Creatures
  4 adders (D:2)
  A worm (D:2)
  A dart slug (D:2)
  5 ball pythons
  3 endoplasms
  A giant cockroach (D:1)
  13 goblins
  7 hobgoblins
  4 quokkas
  5 bats
  5 frilled lizards
  6 kobolds
  4 rats
59 creatures vanquished.

Notes
Turn   | Place    | Note
-------+----------+-------------------------------------------
     0 | D:5      | Kurtz the Naga Delver began the quest for the Orb.
     0 | D:5      | Reached XP level 1. HP: 21/21 MP: 1/1
    46 | D:3      | Found Asmumet's Armour Emporium.
    75 | D:3      | Reached XP level 2. HP: 13/28 MP: 2/2
   481 | D:1      | Reached XP level 3. HP: 28/34 MP: 3/3
  1315 | D:2      | Found Gusegygg's Distillery.
  1606 | D:2      | Reached XP level 4. HP: 15/42 MP: 1/4
  2207 | D:3      | Noticed Robin
  2216 | D:3      | Noticed Jessica
  2216 | D:3      | HP: 2/42 [adder (1)]
  2556 | D:3      | HP: 1/42 [Jessica/+5 club (5)]
  2556 | D:3      | Slain by Jessica

Illustrated notes

Levels and vault maps discovered:
D:1:      dpeg_arrival_chambers_temple_mockup, layout_loops_cross,
          nicolae_kite_square_tiling_tiny
D:2:      layout_basic, serial_shops, shop, kennysheep_boxes
D:3:      layout_basic, serial_shops, nicolae_shop_getting_attention,
          shapermc_ecumenical_altar_venn, st_stairs_9, uniq_jessica, uniq_robin
D:4:      layout_basic
D:5:      layout_basic

Skill      XL: |  1  2  3 |
---------------+----------+-----
Axes           | 3 4 |  4.9
Fighting       | |  3.0
Dodging        | |  1.5
Stealth        | |  7.2

Action                     |  1- 3 |  4- 6 || total
---------------------------+-------+-------++-------
  Melee: Hand axe          |   113 |    63 ||   176
         Punch             |     2 |       ||     2
Ability: Spit Poison       |     3 |       ||     3
    Use: Scroll            |       |     1 ||     1
   Stab: Sleeping          |    13 |     2 ||    15
 Armour: Leather armour    |    74 |    68 ||   142
  Dodge: Dodged            |    51 |    37 ||    88

Table legend: (Time is in decaauts)
 A = Elapsed time spent in this place.
 B = Non-inter-level travel time spent in this place.
 C = Inter-level travel time spent in this place.
 D = Time resting spent in this place.
 E = Time spent auto-exploring this place.
 F = Levels seen in this place.
 G = Mean time per level.
                   A        B        C        D        E       F      G
               +--------+--------+--------+--------+--------+-----+--------+
         Total |   3179 |   3044 |    135 |    478 |   1991 |   5 |  635.8 |
       Dungeon |   3179 |   3044 |    135 |    478 |   1991 |   5 |  635.8 |
               +--------+--------+--------+--------+--------+-----+--------+

Top non-repeatable levels by time:
     D:2: 1480 daAuts
     D:1: 1277 daAuts
     D:3: 383 daAuts
     D:4: 28 daAuts
     D:5: 8 daAuts
